 Dungeon Crawl Stone Soup version 0.30.1-9-gdf580d7c3d (webtiles) character file.

Game seed: 18251697324478193993

410 KittyFluff the Cudgeller (level 6, -1/58 HPs)
             Began as a Gargoyle Berserker on Oct 7, 2023.
             Was a Priest of Trog.
             Slain by Menkaure (4 damage)
             ... on level 6 of the Dungeon.
             The game lasted 00:10:34 (2901 turns).

KittyFluff the Cudgeller (Gargoyle Berserker)       Turns: 2901, Time: 00:10:35

Health: -1/58      AC: 11    Str: 22    XL:     6   Next: 89%
Magic:  6/6        EV:  8    Int:  8    God:    Trog [***...]
Gold:   117        SH: 11    Dex:  9    Spells: 5/5 levels left

rFire   . . .        a - +0 mace
rCold   + . .        p - +1 tower shield {rC+}
rNeg    + . .        r - +0 leather armour
rPois   ∞            m - +1 helmet
rElec   +            u - +0 cloak
rCorr   .            (no gloves)
SInv    .            (no boots)
Will    .....        (no amulet) Stlth
                     (no ring)
HPRegen 0.29/turn    (no ring)
MPRegen 0.10/turn

%: no passive effects
@: berserking (expiring), studying Invocations, very quick
A: sickness immunity, AC +4, negative energy resistance 1, electricity
resistance, torment resistance 1, petrification resistance
a: Renounce Religion, Berserk, Trog's Hand


You were on level 6 of the Dungeon.
You worshipped Trog.
Trog was most pleased with you.
You visited 1 branch of the dungeon, and saw 4 of its levels.

You collected 117 gold pieces.

Inventory:

Hand Weapons
 a - a +0 mace (weapon)
 b - a +0 sling of electrocution
Missiles
 j - 7 poisoned darts (quivered)
 v - a curare-tipped dart
Armour
 m - a +1 helmet (worn)
 p - a +1 tower shield of cold resistance (worn)
 r - a +0 leather armour (worn)
 u - a +0 cloak (worn)
Jewellery
 f - a ring of ice
Wands
 q - a wand of flame (16)
Scrolls
 d - 3 scrolls of identify {unknown}
 e - a scroll of blinking {unknown}
 h - a scroll of silence {unknown}
 k - a scroll of poison {unknown}
 l - 2 scrolls of teleportation {unknown}
 n - a scroll of enchant armour {unknown}
 o - 2 scrolls of fear {unknown}
 s - a scroll of noise {unknown}
 t - a scroll of vulnerability {unknown}
Potions
 c - 2 potions of heal wounds {unknown}
 g - 3 potions of degeneration {unknown}
 i - a potion of haste {unknown}


   Skills:
 + Level 4.3 Fighting
 * Level 4.7 Maces & Flails
 * Level 4.7 Armour
 + Level 2.5 Dodging
 + Level 2.0 Shields


You had 5 spell levels left.
You didn't know any spells.
Your spell library was empty.

Dungeon Overview and Level Annotations

Branches:
Dungeon (3/15)

Altars:

Shops:
D:2 !

Annotations:
D:6 Menkaure


Innate Abilities, Weirdness & Mutations

You are immune to sickness and miasma.
Your stone body is resilient. (AC +4)
You are immune to poison.
You resist negative energy. (rN+)
You are resistant to electric shocks. (rElec)
You are resistant to unholy torment.
You are immune to petrification.


Message History

Menkaure calls on the powers of darkness!
The hound convulses!
Edmund convulses!
Your body is wracked with pain!
You block Edmund's attack.
You hit Edmund.
Edmund is heavily wounded.
You block Edmund's attack. Edmund closely misses you.
You hit Edmund but do no damage.
Edmund is heavily wounded.
Edmund zaps a wand.
The bolt of light misses you.
You hit Edmund.
Edmund is severely wounded.
Edmund says, "People will remember me!
They'll remember me and die!"
Edmund hits you but does no damage.
Edmund hits you with a +0 flail of protection.
You hit Edmund.
Edmund is almost dead.
Edmund hits you with a +0 flail of protection.
A red film seems to cover your vision as you go berserk!
You feel yourself moving faster!
You feel mighty!
Edmund zaps a wand.
The bolt of light hits you!!
* * * LOW HITPOINT WARNING * * *
You hit Edmund but do no damage.
Edmund is almost dead.
You block Edmund's attack.
You sock Edmund!
You feel the power of Trog in you as your rage grows.
You kill Edmund!
Trog accepts your kill.
Your Shields skill increases to level 2!
You closely miss Menkaure. You block Menkaure's attack. x2
You barely miss Menkaure. You block Menkaure's attack.
You hit Menkaure.
Menkaure is lightly damaged.
Menkaure hits you.
* * * LOW HITPOINT WARNING * * *
You sock Menkaure!
Menkaure is moderately damaged.
Menkaure giggles, "These cerements are ticklish..."
Menkaure hits you.
You die...

...#....... .........(#
..........# .........(#
#.....(# #......#
######h# #M# #@# #.####
#....############# ....
#................# P.~S
#..............### ~~~~
#............>##.. ~.≈
#...........).)... #≈≈
#.##.........))...
##.####.##...#.#########


You could see Menkaure (fast) and a hound.

Vanquished Creatures
  Edmund (D:6)
  A kobold brigand (D:6)
  2 hounds (D:6)
  Jessica (D:3)
  An iguana (D:6)
  Robin (D:2)
  6 adders
  A river rat (D:3)
  3 worms
  6 ball pythons
  3 endoplasms
  4 giant cockroaches
  15 goblins
  7 hobgoblins
  3 jackals (D:3)
  4 quokkas
  5 bats
  7 frilled lizards
  7 kobolds
  8 rats
86 creatures vanquished.

Notes
Turn   | Place    | Note
-------+----------+-------------------------------------------
     0 | D:1      | KittyFluff the Gargoyle Berserker began the quest for the
                  | Orb.
     0 | D:1      | Reached XP level 1. HP: 14/14 MP: 1/1
   144 | D:1      | Reached XP level 2. HP: 16/19 MP: 2/2
   731 | D:2      | Reached XP level 3. HP: 20/23 MP: 3/3
   809 | D:2      | Noticed Robin
   819 | D:2      | Reached ** piety under Trog
   822 | D:2      | Killed Robin
   901 | D:2      | Found Rades's Distillery.
  1055 | D:2      | Reached XP level 4. HP: 25/29 MP: 4/4
  2383 | D:3      | Reached XP level 5. HP: 33/33 MP: 5/5
  2644 | D:3      | Noticed Jessica
  2650 | D:3      | Reached *** piety under Trog
  2651 | D:3      | Killed Jessica
  2652 | D:3      | Reached skill level 1 in Shields
  2660 | D:3      | You fall into a shaft and drop 3 floors!
  2676 | D:6      | Noticed a kobold brigand
  2686 | D:6      | Killed a kobold brigand
  2687 | D:6      | Reached XP level 6. HP: 31/38 MP: 6/6
  2881 | D:6      | Noticed Menkaure
  2881 | D:6      | Noticed Edmund
  2897 | D:6      | Killed Edmund
  2901 | D:6      | Slain by Menkaure

Illustrated notes

Levels and vault maps discovered:
D:1:      nzn_arrival_water_spiral, layout_loops_ring, dk_noncrumbling_3,
          minmay_hexomino_u4
D:2:      layout_loops_ring, serial_shops, shop, grunt_ministairs_5, uniq_robin
D:3:      layout_basic, gup_sewer_entry_bubbles,
          shapermc_ecumenical_altar_acropolis, grunt_decor_fettered,
          uniq_jessica
D:6:      wad_lake_hut, layout_basic, tgw_fedhas, nicolae_tso_carved_into_rock,
          uniq_menkaure, uniq_edmund

Skill      XL: |  1  2  3  4  5  6 |
---------------+-------------------+-----
Armour         | 3 4 |  4.7
Dodging        | 2 |  2.5
Maces & Flails | 4 |  4.7
Fighting       | 4 |  4.3
Shields        | 1 2 |  2.0

Action                     |  1- 3 |  4- 6 || total
---------------------------+-------+-------++-------
  Melee: Mace              |   109 |   239 ||   348
         Punch             |       |     1 ||     1
  Throw: Dart              |       |     3 ||     3
 Invoke: Berserk           |       |     1 ||     1
   Stab: Sleeping          |     1 |       ||     1
 Armour: Animal skin       |    47 |    13 ||    60
         Leather armour    |       |    84 ||    84
  Dodge: Dodged            |    78 |    91 ||   169
  Block: Tower shield      |       |   141 ||   141
